 Dungeon Crawl Stone Soup version 0.29-a0-982-gaed3a0c8d8 (webtiles) character file.

Game seed: 4791450636145820580

35840 flotson the Jinx (level 13, -8/101 HPs)
             Began as a Demonspawn Delver on Aug 1, 2022.
             Was an Initiate of Gozag.
             Mangled by a death yak (18 damage)
             ... on level 4 of the Lair of Beasts.
             The game lasted 00:26:30 (14336 turns).

flotson the Jinx (Demonspawn Delver)               Turns: 14336, Time: 00:26:30

Health: -8/101     AC: 18    Str: 27    XL:     13   Next: 49%
Magic:  33/33      EV: 14    Int: 12    God:    Gozag
Gold:   2331       SH:  6    Dex: 15    Spells: 21/26 levels left

rFire   x . .      SeeInvis .   a - +9 bardiche of Pestrit {drain, Str+4}
rCold   + + .      Faith    .   (shield currently unavailable)
rNeg    . . .      Spirit   .   m - +5 ice dragon scales of Noughts and Crosses {rF- rC++ MP+9}
rPois   +          Reflect  .   (helmet restricted)
rElec   .          Harm     .   (no cloak)
rCorr   .          Rampage  .   (no gloves)
Will    .....                   t - +0 pair of boots
Stlth   +.........              z - amulet of regeneration
HPRegen 1.06/turn               k - +6 ring of strength
MPRegen 0.23/turn               S - ring of poison resistance

@: gold aura, studying Hexes
A: horns 1, large bone plates 2, powered by pain 2, demonic magic 2
a: Renounce Religion, Potion Petition, Call Merchant, Bribe Branch


You were on level 4 of the Lair of Beasts.
You worshipped Gozag.
Gozag was most pleased with you.
You visited 3 branches of the dungeon, and saw 15 of its levels.
You also visited: Ossuary.

You collected 3517 gold pieces.
You spent 1088 gold pieces at shops.
You paid 98 gold pieces to Gozag.

Inventory:

Hand Weapons
 a - the +9 bardiche of Pestrit (weapon) {drain, Str+4}
   (You acquired it on level 2 of the Dungeon)

   A truly terrible weapon, it drains the life of any living foe it strikes.
   Str:       It affects your strength (+4).
Missiles
 f - 3 throwing nets
 o - 9 boomerangs
 r - 15 poisoned darts
 F - 2 curare-tipped darts (quivered)
 M - 5 datura-tipped darts
Armour
 m - the +5 ice dragon scales of Noughts and Crosses (worn) {rF- rC++ MP+9}
   (You found it on level 2 of the Dungeon)

   rF:        It makes you vulnerable to fire.
   rC:        It greatly protects you from cold.
   MP:        It affects your magic capacity (+9).
 t - a +0 pair of boots (worn)
 O - a +3 scale mail of willpower
Jewellery
 k - a +6 ring of strength (left hand)
 y - a ring of resist corrosion
 z - an amulet of regeneration (around neck)
 J - a ring of positive energy
 S - a ring of poison resistance (right hand)
Wands
 g - a wand of digging (3)
 h - a wand of paralysis (24)
 u - a wand of roots (1)
 w - a wand of quicksilver (3)
 E - a wand of flame (43)
 Q - a wand of polymorph (4)
 R - a wand of mindburst (3)
Scrolls
 c - a scroll of fog
 d - 7 scrolls of magic mapping
 e - a scroll of fear
 j - 9 scrolls of enchant weapon
 p - 2 scrolls of enchant armour {unknown}
 q - 12 scrolls of teleportation
 s - 5 scrolls of poison
 B - 3 scrolls of vulnerability
 C - 2 scrolls of blinking {unknown}
 D - a scroll of summoning {unknown}
 G - a scroll of brand weapon {unknown}
 H - 2 scrolls of immolation {unknown}
 I - a scroll of torment {unknown}
 L - a scroll of butterflies {unknown}
Potions
 b - 3 potions of magic
 i - 3 potions of attraction
 l - 4 potions of heal wounds
 n - 4 potions of flight
 v - 10 potions of curing
 x - 3 potions of lignification
 A - 2 potions of mutation
 K - a potion of haste
 N - a potion of cancellation
 P - a potion of might


   Skills:
 + Level 9.2 Fighting
 + Level 6.8 Polearms
 + Level 7.8 Throwing
 + Level 7.8 Armour
 + Level 8.0 Dodging
 - Level 4.5 Stealth
 - Level 2.6 Shields
 + Level 7.4 Spellcasting
 - Level 10.1 Hexes
 - Level 4.0 Summonings
 + Level 8.5 Evocations


You had 21 spell levels left.
You knew the following spells:

 Your Spells              Type           Power      Damage    Failure   Level
a - Ensorcelled Hibernat  Hex/Ice        32%        N/A       7%          2
b - Summon Guardian Gole  Hex/Summ       21%        N/A       6%          3

Your spell library contained the following spells:

 Spells                   Type           Power      Damage    Failure   Level
 Summon Small Mammal      Summ           56%        N/A       7%          1
 Call Canine Familiar     Summ           14%        N/A       21%         3
 Sandblast                Erth           8%         2d5       36%         1
 Passwall                 Tmut/Erth      3%         N/A       50%         2
 Ignite Poison            Fire/Tmut/Pois 4%         N/A       73%         3
 Mephitic Cloud           Conj/Pois/Air  4%         N/A       73%         3
 Stone Arrow              Conj/Erth      8%         3d7       73%         3
 Swiftness                Air            4%         N/A       73%         3
 Animate Armour           Summ/Erth      18%        N/A       85%         4
 Olgreb's Toxic Radiance  Pois           4%         N/A       98%         4
 Freezing Cloud           Conj/Ice/Air   2%         6-21      100%        5
 Death Channel            Necr           2%         N/A       100%        6
 Lehudib's Crystal Spear  Conj/Erth      2%         10d2      100%        8
 Animate Dead             Necr           Unusable   N/A       N/A         4

Dungeon Overview and Level Annotations

Branches:
Dungeon (10/15)            Temple (1/1) D:4            Lair (4/5) D:9
  Swamp (0/4) Lair:3       Spider (0/4) Lair:3          Orc (0/2) D:9
Ossuary (visited)
  Slime: Lair:4-5

Altars:
Cheibriados
Dithmenos
Fedhas
Gozag
Hepliaklqana
Kikubaaqudgha
Makhleb
Nemelex Xobeh
Okawaru
Qazlal
Ru
Sif Muna
Trog
Uskayaw
Vehumet
Wu Jian
Xom
Yredelemnul

Shops:
D:2 ?   D:5 :   D:6 *(


Innate Abilities, Weirdness & Mutations

You have a pair of small horns on your head.
You are mostly covered in large bone plates. (SH +6)
You sometimes gain power by taking damage.
Spells you cast may paralyse nearby enemies.


Message History

The death yak is heavily wounded.
The death yak gores you.
You hit the death yak but do no damage.
The death yak is heavily wounded.
The death yak gores you but does no damage.
You block the death yak's attack. The death yak barely misses you.
You slice the death yak!!
The death yak is moderately wounded.
The death yak misses you.
You cut the death yak into ribbons!!! You drain the death yak!
You kill the death yak!
The death yak gores you. The death yak barely misses you.
You block the death yak's attack.
The death yak gores you but does no damage.
You slice the death yak!! You headbutt the death yak.
The death yak is almost dead.
You block the death yak's attack.
The death yak gores you but does no damage.
The death yak closely misses you.
You slice the death yak!!
You kill the death yak!
The death yak gores you. The death yak gores you!
The death yak barely misses you. The death yak gores you!
The death yak misses you.
You slice the death yak!!
You headbutt the death yak, but do no damage.
The death yak is heavily wounded.
You block the death yak's attack. The death yak gores you!
The death yak barely misses you.
You barely miss the death yak.
The death yak is heavily wounded.
The death yak gores you!! x2
* * * LOW HITPOINT WARNING * * *
You block the death yak's attack.
The death yak gores you but does no damage.
The death yak gores you!
* * * LOW HITPOINT WARNING * * *
The death yak gores you!!
You die...
Your body crumbles into a pile of gold.

.............P.##
##.##.####....>.#
###### #####..#
##.### #..#.#
#...### ##
#.###..##..# #..
#.....# #.#.
#@Y#P#.#
####.YYY## #
##..## #.. ...
##.. #.# ..


You could see 4 death yaks.

Vanquished Creatures
  3 boulder beetles
  Harold (Lair:1)
  2 hydras
  2 two-headed ogres
  5 death yaks
  Nergalle (D:10)
  2 bog bodies (Lair:3)
  A wolf spider (Lair:1)
  A cyclops (D:10)
  11 elephants
  10 black mambas
  11 cane toads
  Psyche (D:9)
  2 unseen horrors
  3 rime drakes
  7 komodo dragons
  A troll (D:8)
  4 polar bears
  8 blink frogs
  7 dream sheep
  A culicivora (Lair:3)
  19 yaks
  A wraith (D:9)
  4 wyverns
  2 basilisks
  A steam dragon (D:8)
  6 water moccasins
  An acid dragon (D:8)
  A swamp drake (D:9)
  2 orc warriors
  3 ice beasts
  16 wolves
  2 centaurs
  5 bullfrogs
  A necrophage (D:4)
  A scorpion (D:5)
  A wight (D:4)
  10 killer bees
  4 howler monkeys (D:9)
  2 electric eels (Lair:1)
  A jelly (D:6)
  2 hounds
  3 orc priests
  2 gnoll boudas
  4 orc wizards
  An iguana (D:5)
  A hell rat (Lair:2)
  8 mummies (Ossuary)
  5 gnolls (D:8)
  18 adders
  A shadow imp (D:7)
  3 white imps
  An ufetubus (D:6)
  2 worms
  2 dart slugs
  13 orcs
  11 bats
  3 bat zombies (D:8)
  8 endoplasms
  A giant cockroach (D:1)
  A gnoll zombie (Ossuary)
  6 goblins
  5 hobgoblins
  3 jackals (D:1)
  4 kobolds
  3 quokkas
  10 ball pythons
  6 frilled lizards
  A hobgoblin zombie (Ossuary)
  6 kobold zombies (Ossuary)
  3 rats
  A rat zombie (D:8)
305 creatures vanquished.

Vanquished Creatures (others)
  24 fungi
  69 plants
93 creatures vanquished.

Grand Total: 398 creatures vanquished

Notes
Turn   | Place    | Note
-------+----------+-------------------------------------------
     0 | D:5      | flotson the Demonspawn Delver began the quest for the Orb.
     0 | D:5      | Reached XP level 1. HP: 18/18 MP: 1/1
    46 | D:5      | Noticed a water moccasin
    81 | D:5      | Noticed an iguana
   248 | D:3      | Found an iron altar of Okawaru.
   454 | D:2      | Identified the +5 ice dragon scales of Noughts and Crosses
                  | {rF- rC++ MP+9}
   576 | D:1      | Gained mutation: You have a pair of small horns on your
                  | head. [demonic ancestry]
   576 | D:1      | Reached XP level 2. HP: 24/24 MP: 2/2
   868 | D:1      | Reached skill level 1 in Evocations
   946 | D:1      | Reached skill level 1 in Armour
  1028 | D:1      | Gained mutation: You are partially covered in large bone
                  | plates. (SH +4) [demonic ancestry]
  1028 | D:1      | Reached XP level 3. HP: 29/29 MP: 3/3
  1235 | D:1      | Found a faded altar of an unknown god.
  1616 | D:2      | Reached skill level 1 in Throwing
  1735 | D:2      | Gained mutation: You are mostly covered in large bone
                  | plates. (SH +6) [demonic ancestry]
  1735 | D:2      | Reached XP level 4. HP: 35/35 MP: 4/4
  1766 | D:2      | Found Odugoca's Magic Scroll Emporium.
  1779 | D:2      | Bought a scroll of identify for 28 gold pieces
  1779 | D:2      | Bought a scroll of teleportation for 42 gold pieces
  2394 | D:4      | Found a staircase to the Ecumenical Temple.
  2404 | Temple   | Entered the Ecumenical Temple
  2408 | Temple   | Became a worshipper of Gozag Ym Sagoz the Greedy
  2622 | D:4      | Reached XP level 5. HP: 42/42 MP: 5/5
  3360 | D:4      | Learned a level 2 spell: Ensorcelled Hibernation
  3454 | D:5      | Gained mutation: Spells you cast may paralyse adjacent
                  | enemies. [demonic ancestry]
  3454 | D:5      | Reached XP level 6. HP: 48/48 MP: 6/6
  3486 | D:5      | Found a hazy altar of Hepliaklqana.
  3526 | D:5      | Found a stormy altar of Qazlal.
  3685 | D:5      | Noticed an ice beast
  3706 | D:4      | Reached skill level 1 in Hexes
  3840 | D:5      | Killed an ice beast
  3841 | D:5      | Reached skill level 1 in Spellcasting
  3862 | D:5      | Reached skill level 2 in Hexes
  3922 | D:5      | Reached XP level 7. HP: 55/55 MP: 8/8
  4120 | D:5      | Found Seemum's Self-Improvement Boutique.
  4418 | D:6      | Found a sand-covered staircase.
  4423 | Ossuary  | Entered an ossuary
  4723 | D:6      | Found Cischag's Weapon Shop.
  4810 | D:6      | Reached skill level 3 in Hexes
  5118 | D:6      | Found Becilit's Assorted Antiques.
  5131 | D:6      | Bought a scroll of teleportation for 87 gold pieces
  5131 | D:6      | Bought a potion of curing for 87 gold pieces
  5131 | D:6      | Bought a scroll labelled EHEASMUCLE for 29 gold pieces
  5131 | D:6      | Bought a scroll of identify for 58 gold pieces
  5131 | D:6      | Bought a scroll labelled KUHIB VILAQ for 29 gold pieces
  6150 | D:6      | Found Becilit's Assorted Antiques.
  6553 | D:6      | Reached XP level 8. HP: 43/61 MP: 11/11
  6844 | D:6      | Found Cischag's Weapon Shop.
  6932 | D:7      | Reached skill level 5 in Fighting
  6932 | D:7      | Reached skill level 4 in Hexes
  7730 | D:8      | Got the Almanac of Toxicity
  7795 | D:8      | Reached skill level 1 in Shields
  7897 | D:8      | Reached skill level 5 in Hexes
  8030 | D:8      | Gained mutation: Spells you cast may paralyse nearby
                  | enemies. [demonic ancestry]
  8030 | D:8      | Reached XP level 9. HP: 62/68 MP: 13/13
  8160 | D:8      | Found an ancient bone altar of Kikubaaqudgha.
  8202 | D:8      | Found an ornate altar of the Wu Jian Council.
  8204 | D:8      | Found a sparkling altar of Nemelex Xobeh.
  8362 | D:9      | Found a staircase to the Orcish Mines.
  8642 | D:9      | Noticed a two-headed ogre
  8667 | D:9      | Killed a two-headed ogre
  8668 | D:9      | Reached skill level 6 in Hexes
  8753 | D:9      | Killed an unseen horror
  8754 | D:9      | Reached skill level 5 in Dodging
  8775 | D:9      | You fall into a shaft and drop 1 floor!
  8775 | D:10     | Entered Level 10 of the Dungeon
  8784 | D:9      | Noticed a two-headed ogre
  8784 | D:9      | Noticed a troll
  8865 | D:8      | Killed a troll
  8866 | D:8      | Reached skill level 5 in Evocations
  9064 | D:2      | Bought a scroll of acquirement for 728 gold pieces
  9064 | D:2      | Acquired the +9 bardiche of Pestrit {drain, Str+4}
  9223 | D:8      | Killed a two-headed ogre
  9224 | D:8      | Gained mutation: You sometimes gain a little power by
                  | taking damage. [demonic ancestry]
  9224 | D:8      | Reached XP level 10. HP: 45/76 MP: 16/16
  9290 | D:9      | Identified the +0 ring mail "Sijemp" {Rampage rElec rCorr
                  | Str-4}
  9495 | D:9      | Noticed Psyche
  9501 | D:9      | Killed Psyche
  9502 | D:9      | Reached skill level 5 in Throwing
  9514 | D:9      | Reached skill level 5 in Armour
  9599 | D:9      | Reached skill level 7 in Hexes
  9654 | D:9      | Found a staircase to the Lair.
  9877 | D:10     | Noticed a cyclops
  9885 | D:10     | Killed a cyclops
  9955 | D:10     | Noticed Nergalle
 10011 | D:10     | Noticed a spectral orc warlord
 10012 | D:10     | Killed Nergalle
 10140 | D:10     | Reached skill level 5 in Spellcasting
 10140 | D:10     | Reached XP level 11. HP: 50/84 MP: 18/18
 10238 | D:10     | Learned a level 3 spell: Summon Guardian Golem
 10241 | D:10     | Reached skill level 8 in Hexes
 10493 | Lair:1   | Entered Level 1 of the Lair of Beasts
 10514 | Lair:1   | Reached skill level 1 in Summonings
 10537 | Lair:1   | Noticed a boulder beetle
 10553 | Lair:1   | Killed a boulder beetle
 10587 | Lair:1   | Noticed Harold
 10596 | Lair:1   | Killed Harold
 10881 | Lair:1   | Reached skill level 9 in Hexes
 10922 | Lair:1   | Reached skill level 5 in Polearms
 11032 | Lair:1   | Noticed an eight-headed hydra
 11040 | Lair:1   | Killed an eight-headed hydra
 11219 | Lair:1   | Gained mutation: You sometimes gain power by taking damage.
                  | [demonic ancestry]
 11219 | Lair:1   | Reached XP level 12. HP: 92/92 MP: 20/20
 12131 | Lair:2   | Noticed a boulder beetle
 12146 | Lair:2   | Reached skill level 10 in Hexes
 12149 | Lair:2   | Killed a boulder beetle
 12156 | Lair:2   | Got the Book of Gritty Death
 12549 | Lair:2   | Noticed a boulder beetle
 12563 | Lair:2   | Killed a boulder beetle
 12644 | Lair:2   | Identified the +7 plate armour "Cecha" {Str+4}
 12960 | Lair:2   | Identified the +1 spear "Juina" {protect, Int+4}
 13201 | Lair:3   | Reached XP level 13. HP: 64/99 MP: 23/23
 13263 | Lair:3   | Found a hole to the Spider Nest.
 13407 | Lair:3   | Found a staircase to the Swamp.
 14336 | Lair:4   | Mangled by a death yak

Illustrated notes

Levels and vault maps discovered:
D:1:      dpeg_arrival_brainrot, layout_basic,
          shapermc_ecumenical_altar_notcrosses
D:2:      kennysheep_six_static_rooms, layout_rooms, serial_shops, shop,
          chequers_serial_rivers_small_3
D:3:      layout_basic, okawaru_gym_becter, hangedman_decor_points
D:4:      layout_layer_cave, minmay_temple_entry_sparse_star,
          minmay_manual_mullet
D:5:      layout_loops_cross, mainiacjoe_overflow_catch_the_wave,
          nicolae_shop_self_help
D:6:      layout_basic, serial_shops, nicolae_shop_bloodbath_and_beyond, shop,
          nicolae_ossuary_entry_plus
D:7:      layout_basic, nicolae_concentric_dashed_squares_mild
D:8:      layout_loops_ring, lemuel_zombie_altar_kikubaaqudgha,
          nicolae_overflow_hidden_temple
D:9:      layout_irregular_city, erik_lair_dragon, uniq_psyche
D:10:     layout_small_grid, uniq_nergalle
Temple:   nicolae_temple_x_marks_the_god
Lair:1:   layout_hall_layers, serial_bayou, serial_bayou_lagoon_b,
          serial_bayou_pond_d, serial_bayou_pond_c, serial_bayou_lagoon_a,
          serial_bayou_pond_b, serial_bayou_pond_d,
          nicolae_lair_run_with_the_wolves, uniq_harold
Lair:2:   nzn_winding_woodlands_huge [nzn_winding_woodlands_5x15_eye,
          nzn_winding_woodlands_5x15_pathside_ponds,
          nzn_winding_woodlands_5x15_lazy_stream,
          nzn_winding_woodlands_5x15_sidewinder,
          nzn_winding_woodlands_5x15_garden,
          nzn_winding_woodlands_5x15_river_crossing,
          nzn_winding_woodlands_5x15_longhouse,
          nzn_winding_woodlands_5x15_sawtooth,
          nzn_winding_woodlands_5x15_split_checker,
          nzn_winding_woodlands_5x15_cabin, nzn_winding_woodlands_center_lodge,
          nzn_winding_woodlands_center_diamonds,
          nzn_winding_woodlands_15x15_boxy_spiral], layout_gridlike,
          dreamdust_gnoll_shepherd
Lair:3:   minmay_lair_venomous_thicket, layout_regular_city,
          skrybe_swamp_entry_bodies, hellmonk_spider_entry_life_and_decay,
          infiniplex_staircase_pool_2
Lair:4:   layout_loops_ring, pf_torpor_hydra

Skill      XL: |  1  2  3  4  5  6  7  8  9 10 11 12 13 |
---------------+----------------------------------------+-----
Dodging        | 2 3 4 5 6 7 8 |  8.0
Evocations     | 1 2 3 4 5 6 7 8 |  8.5
Armour         | 1 2 3 4 5 6 7 |  7.8
Throwing       | 1 2 3 4 5 6 7 |  7.8
Fighting       | 4 5 6 7 8 9 |  9.2
Hexes          | 2 3 5 6 7 9 10 | 10.1
Spellcasting   | 1 2 3 4 5 6 7 |  7.4
Shields        | 1 2 |  2.6
Polearms       | 2 3 4 5 6 |  6.8
Summonings     | 3 4 |  4.0
Stealth        | |  4.5

Action                   |  1- 3 |  4- 6 |  7- 9 | 10-12 | 13-15 || total
-------------------------+-------+-------+-------+-------+-------++-------
Melee: Spear             |   150 |    75 |       |       |       ||   225
       Headbutt          |    10 |    37 |    52 |    74 |    25 ||   198
       Punch             |     2 |     1 |     3 |       |       ||     6
       Quick blade       |       |   166 |    45 |       |       ||   211
       War axe           |       |       |   144 |       |       ||   144
       Trident           |       |       |   107 |       |       ||   107
       Bardiche          |       |       |     4 |   347 |   110 ||   461
Throw: Boomerang         |       |     2 |     9 |       |       ||    11
       Dart              |       |       |     1 |       |       ||     1
 Cast: Summon Guardian G |       |       |       |       |     1 ||     1
Evoke: Wand              |       |       |     4 |     9 |     3 ||    16
  Use: Scroll            |       |       |    12 |     6 |     1 ||    19
       Potion            |       |       |     7 |       |       ||     7
 Stab: Sleeping          |     1 |       |       |     1 |     1 ||     3
       Distracted        |       |     1 |       |     8 |       ||     9
Armor: Ice dragon scales |    56 |    80 |   216 |   279 |    53 ||   684
       Leather armour    |     3 |       |       |       |       ||     3
Dodge: Dodged            |    55 |    82 |   187 |   367 |    68 ||   759
Block: Other             |    13 |    44 |    77 |   165 |    31 ||   330
       Buckler           |       |       |   109 |       |       ||   109

Table legend: (Time is in decaauts)
 A = Elapsed time spent in this place.
 B = Non-inter-level travel time spent in this place.
 C = Inter-level travel time spent in this place.
 D = Time resting spent in this place.
 E = Time spent auto-exploring this place.
 F = Levels seen in this place.
 G = Mean time per level.
                   A        B        C        D        E       F      G
               +--------+--------+--------+--------+--------+-----+--------+
         Total |  14731 |  13542 |   1189 |     59 |  10612 |  16 |  920.7 |
       Dungeon |  10377 |   9290 |   1087 |     59 |   7426 |  10 | 1037.7 |
        Temple |      8 |      4 |      4 |      0 |      0 |   1 |    8.0 |
          Lair |   4111 |   4013 |     98 |      0 |   3035 |   4 | 1027.8 |
       Ossuary |    234 |    234 |      0 |      0 |    151 |   1 |  234.0 |
               +--------+--------+--------+--------+--------+-----+--------+

Top non-repeatable levels by time:
     D:6: 2103 daAuts
  Lair:2: 1543 daAuts
     D:4: 1439 daAuts
  Lair:1: 1335 daAuts
     D:8: 1205 daAuts
  Lair:3: 1055 daAuts
     D:9: 1018 daAuts
     D:1: 987 daAuts
     D:7: 958 daAuts
     D:5: 847 daAuts
     D:2: 743 daAuts
    D:10: 654 daAuts
     D:3: 422 daAuts
 Ossuary: 234 daAuts
  Lair:4: 176 daAuts
